 Dungeon Crawl Stone Soup version 0.30-a0-377-g5cb311bc9f (webtiles) character file.

Game seed: 8226273089461441425

242 qeuew the Trooper (level 5, 0/42 HPs)
             Began as a Demonspawn Monk on Nov 30, 2022.
             Slain by Edmund
             ... wielding a +2 vorpal flail
              (1 damage)
             ... on level 4 of the Dungeon.
             The game lasted 00:03:51 (3168 turns).

qeuew the Trooper (Demonspawn Monk)                 Turns: 3168, Time: 00:03:51

Health: 0/42       AC:  5    Str: 13    XL:     5   Next: 81%
Magic:  5/5        EV: 12    Int: 12    God:
Gold:   162        SH:  0    Dex: 19    Spells: 4/4 levels left

rFire   . . .      SeeInvis .    a - +0 mace
rCold   . . .      Faith    .    (no shield)
rNeg    . . .      Spirit   .    k - +0 ring mail
rPois   .          Reflect  .    (no helmet)
rElec   .          Harm     .    (no cloak)
rCorr   .          Rampage  .    (no gloves)
Will    +....                    (no boots)
Stlth   ++++......               (no amulet)
HPRegen 0.27/turn                d - ring of flight
MPRegen 0.09/turn                g - ring of willpower

@: flying, invisible
A: thin skeletal structure 2, demonic guardian 1
a: no special abilities


You were on level 4 of the Dungeon.
You visited 1 branch of the dungeon, and saw 4 of its levels.

You collected 162 gold pieces.

Inventory:

Hand Weapons
 a - a +0 mace (weapon)
Armour
 k - a +0 ring mail (worn)
Jewellery
 d - a ring of flight (left hand)
 g - a ring of willpower (right hand)
Wands
 b - a wand of flame (18)
Potions
 c - a potion of ambrosia
 f - 2 potions of might
 j - 2 potions of heal wounds


   Skills:
 + Level 4.1 Fighting
 + Level 3.7 Maces & Flails
 + Level 2.2 Armour
 + Level 3.6 Dodging
 - Level 1.7 Stealth
 + Level 1.3 Evocations


You had 4 spell levels left.
You didn't know any spells.
Your spell library contained the following spells:

 Spells                   Type           Power      Damage    Failure   Level
 Apportation              Tloc           0%         N/A       56%         1
 Scorch                   Fire           0%         2d5       71%         2
 Sublimation of Blood     Necr           0%         N/A       71%         2
 Wereblood                Tmut           0%         N/A       71%         2
 Gell's Gravitas          Tloc           0%         N/A       91%         3
 Portal Projectile        Hex/Tloc       0%         N/A       91%         3
 Teleport Other           Tloc           0%         N/A       91%         3
 Tukima's Dance           Hex            0%         N/A       91%         3
 Flame Wave               Conj/Fire      0%         2d4       100%        4
 Alistair's Intoxication  Tmut/Pois      0%         N/A       100%        5
 Blade Hands              Tmut           0%         N/A       100%        5
 Dispersal                Tloc           0%         N/A       100%        6
 Summon Cactus Giant      Summ           0%         N/A       100%        6
 Summon Hydra             Summ           0%         N/A       100%        7


Dungeon Overview and Level Annotations

Branches:
Dungeon (4/15)
 Temple: D:4-7

Altars:
Fedhas
Okawaru
Sif Muna
Vehumet

Annotations:
D:4 Edmund


Innate Abilities, Weirdness & Mutations

You have a moderately thin skeletal structure. (Dex +4, Stealth++)
A weak demonic guardian rushes to your aid.


Message History

You hit the ogre but do no damage.
The ogre is lightly wounded.
Edmund hits you with a +2 vorpal flail!
You hit the ogre.
The ogre is moderately wounded.
The ogre misses you. Edmund hits you but does no damage.
You hit the ogre.
The ogre is moderately wounded.
The ogre hits you with a +0 giant club! Edmund hits you with a +2 vorpal flail!
* * * LOW HITPOINT WARNING * * *
A demonic guardian appears!
* * * LOW HITPOINT WARNING * * *
You are too injured to fight recklessly!
You are too injured to fight recklessly!
You are too injured to fight recklessly!
You are too injured to fight recklessly!
You are too injured to fight recklessly!
You are too injured to fight recklessly!
You are too injured to fight recklessly!
You are too injured to fight recklessly!
You are too injured to fight recklessly!
You are too injured to fight recklessly!
You are too injured to fight recklessly!
You are too injured to fight recklessly!
You are too injured to fight recklessly!
You are too injured to fight recklessly!
You are too injured to fight recklessly!
You are too injured to fight recklessly!
You are too injured to fight recklessly!
Unknown command.
The ogre attacks as you move away! The ogre hits you with a +0 giant club.
* * * LOW HITPOINT WARNING * * *
Unknown command.
You aren't carrying any scrolls.
You fade into invisibility!
Your ufetubus hits Edmund but does no damage.
Your ufetubus closely misses Edmund.
Edmund hits you with a +2 vorpal flail.
* * * LOW HITPOINT WARNING * * *
A demonic guardian appears!
You die...

##.### ####.# #...### #
##.# #....# #...# .#.#
#.#### #...# #..# #.#
#...#
##.######.###########.###
##.....>................
##.######.#####..#.....
#.## #.#####.5#..#.# .##
#.##....@@O...# ##
#.##.##.5#....... #.##
#.?#.##..#. #.. .......
... ##. >..###### # .....
..... #...#


You could see Edmund (unable to see you, ally target), an ogre (unable to see
you) and 2 friendly ufetubi.

Vanquished Creatures
  A phantom (D:4)
  A hound (D:4)
  An orc priest (D:4)
  3 adders
  3 dart slugs
  4 orcs
  5 ball pythons
  2 bats
  3 endoplasms (D:1)
  4 giant cockroaches
  5 goblins
  5 hobgoblins
  8 jackals
  4 quokkas
  2 frilled lizards (D:1)
  5 kobolds
  6 rats
62 creatures vanquished.

Vanquished Creatures (collateral kills)
  2 orcs (D:3)
2 creatures vanquished.

Grand Total: 64 creatures vanquished

Notes
Turn   | Place    | Note
-------+----------+-------------------------------------------
     0 | D:1      | qeuew the Demonspawn Monk began the quest for the Orb.
     0 | D:1      | Reached XP level 1. HP: 18/18 MP: 1/1
   298 | D:1      | Gained mutation: You have a somewhat thin skeletal
                  | structure. (Dex +2, Stealth+) [demonic ancestry]
   298 | D:1      | Reached XP level 2. HP: 19/24 MP: 2/2
   941 | D:1      | Reached skill level 1 in Armour
  1200 | D:2      | Gained mutation: You have a moderately thin skeletal
                  | structure. (Dex +4, Stealth++) [demonic ancestry]
  1200 | D:2      | Reached XP level 3. HP: 24/29 MP: 3/3
  1538 | D:2      | Found a faded altar of an unknown god.
  1968 | D:3      | Found a shimmering blue altar of Sif Muna.
  1977 | D:3      | Found an iron altar of Okawaru.
  1987 | D:3      | Gained mutation: A weak demonic guardian rushes to your
                  | aid. [demonic ancestry]
  1987 | D:3      | Reached XP level 4. HP: 34/35 MP: 4/4
  2293 | D:3      | Found a blossoming altar of Fedhas.
  2505 | D:3      | Found a radiant altar of Vehumet.
  2807 | D:4      | Identified the +8 sling of Kaityfip {vorpal, rF- Will++}
  2951 | D:4      | Noticed a phantom
  2965 | D:4      | Killed a phantom
  2966 | D:4      | Reached skill level 4 in Fighting
  2966 | D:4      | Reached skill level 1 in Evocations
  2966 | D:4      | Reached XP level 5. HP: 20/42 MP: 5/5
  3159 | D:4      | Noticed Edmund
  3160 | D:4      | Noticed an ogre
  3167 | D:4      | HP: 2/42 [ogre/+0 giant club (2)]
  3168 | D:4      | Slain by Edmund

Illustrated notes

Levels and vault maps discovered:
D:1:      psy_arrival_basics, layout_loops_corners
D:2:      layout_basic, chequers_ecumenical_altar_island,
          chequers_decorated_corner
D:3:      layout_loops_ring, mainiacjoe_overflow_alcove_4,
          mainiacjoe_overflow_boulevard, nicolae_vehumet_radiance,
          nicolae_sif_muna_condensation, grunt_ministairs_5,
          nicolae_underground_beach
D:4:      layout_loops_cross, uniq_edmund

Skill      XL: |  1  2  3  4 |
---------------+-------------+-----
Maces & Flails | 3 |  3.7
Dodging        | 3 |  3.6
Armour         | 1 2 |  2.2
Fighting       | 4 |  4.1
Evocations     | 1 |  1.3
Stealth        | |  1.7

Action                   |  1- 3 |  4- 6 || total
-------------------------+-------+-------++-------
Melee: Mace              |   100 |   112 ||   212
       Punch             |     2 |     3 ||     5
  Use: Scroll            |     5 |       ||     5
       Potion            |     3 |     2 ||     5
 Stab: Sleeping          |    12 |     3 ||    15
Armor: Robe              |     8 |       ||     8
       Ring mail         |     5 |    60 ||    65
Dodge: Dodged            |    57 |    83 ||   140

Table legend: (Time is in decaauts)
 A = Elapsed time spent in this place.
 B = Non-inter-level travel time spent in this place.
 C = Inter-level travel time spent in this place.
 D = Time resting spent in this place.
 E = Time spent auto-exploring this place.
 F = Levels seen in this place.
 G = Mean time per level.
                   A        B        C        D        E       F      G
               +--------+--------+--------+--------+--------+-----+--------+
         Total |   3217 |   3098 |    119 |      0 |   2553 |   4 |  804.2 |
       Dungeon |   3217 |   3098 |    119 |      0 |   2553 |   4 |  804.2 |
               +--------+--------+--------+--------+--------+-----+--------+

Top non-repeatable levels by time:
     D:1: 1149 daAuts
     D:3: 887 daAuts
     D:2: 799 daAuts
     D:4: 381 daAuts
